Map: Ascension to Aiur LE

Players

Zanster - Winner!

  • Race: Zerg Zerg
  • Spawn Location: 11:00

SouLeer (souL)

  • Race: Zerg Zerg
  • Spawn Location: 5:00

Event: WCS Valencia 2017

VOD

Have the link to the VOD?

Description

Time

  • Played on: July 13, 2017, 9:31 a.m.
  • Length: 9:00

All games in this series

Show
View Real Time Build Order
Export as new Build Order

Zanster Zerg - Winner!

Build Orders: Hatch First 

Get SALT Encoding   

  12  0:01  Drone  
  13  0:13  Overlord  
  13  0:18  Drone  
  14  0:31  Drone x2  
  14  0:35  Drone  
  17  0:48  Drone  
  18  0:55  Hatchery  
  17  0:58  Drone  
  18  1:05  Extractor  
  17  1:14  Spawning Pool  
  17  1:17  Drone  
  17  1:20  Drone  
  18  1:28  Drone  
  19  1:40  Drone  
  20  1:50  Overlord  
  20  2:02  Queen  
  20  2:07  Queen  
  20  2:08  Zergling x4  
  26  2:10  Metabolic Boost  
  26  2:14  Drone  
  27  2:18  Drone  
  27  2:22  Drone  
  29  2:29  Drone  
  30  2:35  Drone  
  31  2:38  Queen  
  31  2:41  Drone  
  34  2:49  Hatchery  
  33  2:52  Overlord  
  33  2:56  Drone  
  33  2:57  Drone  
  35  3:09  Zergling x2  
  36  3:15  Zergling x2  
  36  3:16  Zergling x12  
  36  3:18  Zergling x2  
  44  3:24  Overlord  
  44  3:27  Baneling Nest, Zergling x2  
  44  3:46  Drone x3  
  47  3:49  Drone  
  48  4:02  Zergling x6  
  48  4:04  Drone  
  48  4:05  Drone  
  48  4:08  Queen  
  48  4:09  Overlord  
  51  4:10  Extractor  
  51  4:11  Roach Warren  
  51  4:13  Drone  
  51  4:14  Drone x2  
  50  4:20  Baneling x2  
  50  4:21  Baneling  
  50  4:22  Baneling  
  50  4:23  Baneling x2  
  51  4:24  Drone  
  51  4:25  Drone  
  51  4:27  Drone  
  51  4:30  Drone  
  54  4:32  Drone  
  54  4:33  Drone  
  54  4:34  Drone  
  54  4:36  Drone  
  54  4:38  Drone  
  59  4:43  Overlord  
  58  4:52  Zergling x12  
  59  5:00  Overlord  
  59  5:05  Roach x4  
  67  5:07  Roach  
  67  5:12  Baneling  
  69  5:16  Roach x2  
  69  5:18  Baneling x3  
  69  5:21  Overlord  
  73  5:26  Drone x6  
  77  5:30  Overlord  
  77  5:36  Lair  
  77  5:37  Evolution Chamber, Drone  
  77  5:38  Extractor  
  77  5:39  Extractor, Drone  
  77  5:41  Drone  
  77  5:43  Drone  
  77  5:44  Drone  
  77  5:45  Drone  
  77  5:47  Drone  
  77  5:48  Drone  
  77  5:49  Drone  
  82  5:51  Drone  
  82  5:53  Drone  
  82  5:56  Overlord  
  84  5:58  Drone x2  
  84  6:01  Drone  
  84  6:04  Drone x2  
  76  6:05  Zerg Missile Weapons Level 1  
  76  6:08  Drone  
  76  6:09  Drone x2  
  76  6:11  Drone  
  81  6:13  Drone  
  81  6:14  Drone  
  81  6:15  Drone  
  81  6:16  Drone  
  81  6:17  Drone  
  86  6:20  Overlord  
  86  6:22  Drone  
  86  6:23  Drone  
  88  6:31  Overlord  
  88  6:37  Roach x6  
  88  6:38  Glial Reconstitution  
  100  6:40  Overseer  
  100  6:44  Extractor x2  
  100  6:45  Overlord  
  98  6:49  Drone  
  98  6:50  Spire  
  98  6:56  Overlord  
  98  7:00  Drone  
  98  7:01  Drone  
  100  7:02  Drone  
  100  7:03  Drone  
  100  7:04  Drone  
  100  7:05  Drone  
  100  7:06  Drone  
  106  7:08  Drone  
  106  7:09  Hatchery  
  106  7:10  Overlord  
  105  7:17  Roach  
  105  7:18  Roach x3  
  113  7:23  Roach x3  
  113  7:25  Overlord  
  113  7:28  Roach x2  
  123  7:35  Roach x4  
  131  7:38  Roach  
  131  7:39  Roach  
  131  7:40  Overseer  
  131  7:41  Overlord  
  135  7:46  Roach  
  135  7:47  Roach x2  
  135  7:49  Overlord  
  141  7:54  Roach x2  
  141  7:57  Overlord  
  141  7:58  Overlord  
  145  8:00  Overlord  
  145  8:06  Overlord  
  138  8:21  Mutalisk  
  138  8:22  Mutalisk x7  
  138  8:26  Mutalisk  
  156  8:34  Roach x4  
  144  8:40  Roach x3  
Show
View Real Time Build Order
Export as new Build Order

SouLeer Zerg 

Build Orders: Hatch First, Zergling Baneling 

Get SALT Encoding   

  12  0:01  Drone  
  13  0:12  Overlord  
  13  0:17  Drone  
  14  0:30  Drone x2  
  14  0:35  Drone  
  17  0:55  Hatchery  
  16  1:00  Drone  
  16  1:01  Drone  
  18  1:13  Extractor  
  18  1:17  Spawning Pool  
  16  1:20  Drone  
  16  1:24  Drone  
  18  1:28  Drone  
  19  1:39  Overlord  
  19  1:50  Drone  
  20  2:01  Drone  
  20  2:04  Queen  
  20  2:07  Queen  
  20  2:08  Drone  
  26  2:12  Drone  
  26  2:15  Metabolic Boost  
  27  2:19  Drone  
  27  2:22  Drone  
  29  2:29  Drone  
  30  2:34  Baneling Nest, Zergling x2  
  30  2:40  Zergling x2  
  31  2:46  Zergling x2  
  32  2:57  Drone  
  33  2:58  Hatchery  
  33  3:00  Drone  
  33  3:03  Drone  
  34  3:07  Overlord  
  34  3:13  Drone x2  
  34  3:16  Overlord  
  36  3:30  Overlord  
  36  3:36  Zergling x10  
  36  3:41  Baneling  
  40  3:43  Zergling x4  
  40  3:44  Zergling x4  
  44  3:48  Overlord  
  44  3:55  Zergling x8  
  46  4:04  Zergling x2  
  46  4:05  Roach Warren  
  46  4:06  Zergling x2  
  44  4:19  Baneling x4  
  44  4:20  Zergling x8  
  48  4:25  Drone x3  
  48  4:27  Baneling x3  
  48  4:29  Baneling  
  51  4:32  Hatchery, Drone  
  51  4:35  Drone  
  52  4:42  Overlord  
  52  4:44  Drone  
  51  4:53  Drone x3  
  51  4:58  Extractor, Roach Warren  
  52  5:03  Drone x2  
  51  5:08  Drone x3  
  51  5:13  Baneling  
  52  5:25  Drone x3  
  54  5:28  Baneling x4  
  54  5:29  Baneling  
  54  5:30  Overlord  
  54  5:33  Zergling x10  
  54  5:34  Extractor  
  58  5:36  Lair  
  58  5:37  Drone  
  58  5:42  Drone  
  60  5:47  Zergling x4  
  59  5:55  Zergling x4  
  60  5:58  Roach  
  60  6:01  Drone  
  60  6:02  Drone x2  
  62  6:05  Queen  
  62  6:06  Roach x2  
  62  6:07  Roach  
  62  6:08  Evolution Chamber  
  62  6:10  Roach x2  
  73  6:13  Evolution Chamber  
  73  6:16  Drone x2  
  75  6:21  Drone x2  
  77  6:32  Roach x2  
  81  6:33  Overlord  
  81  6:34  Overlord  
  81  6:36  Glial Reconstitution  
  81  6:37  Extractor, Overlord  
  79  6:46  Drone x3  
  82  6:51  Overlord x2  
  82  6:57  Drone x3  
  82  6:58  Drone  
  82  7:00  Baneling x3  
  86  7:01  Drone  
  86  7:06  Drone x2  
  86  7:07  Extractor, Drone x4  
  91  7:10  Roach  
  91  7:12  Overlord  
  93  7:19  Roach  
  93  7:20  Roach x3  
  100  7:24  Roach x2  
  100  7:26  Baneling x2  
  100  7:27  Baneling x3  
  106  7:30  Roach  
  106  7:32  Roach  
  106  7:35  Roach  
  106  7:36  Roach  
  111  7:38  Roach  
  111  7:40  Overseer  
  111  7:41  Roach  
  111  7:43  Roach  
  117  7:45  Baneling x5  
  117  7:46  Baneling  
  117  7:47  Roach  
  119  7:52  Roach  
  119  7:53  Overlord x2  
  119  7:57  Overlord  
  121  8:02  Overlord  
  121  8:04  Ravager  
  122  8:05  Overlord  
  121  8:17  Roach x8  
  121  8:18  Roach  
  137  8:21  Roach x2  
  137  8:25  Roach x2  
  144  8:29  Evolution Chamber  
  144  8:30  Roach x2  
  144  8:32  Roach  
  129  8:34  Evolution Chamber  
  129  8:35  Roach  
  129  8:38  Roach x2  
Tags
 
Add a new tag
Caveats
  • Supply blocks, unpowered buildings, or Contaminate may cause inaccurate times.
  • Supply counts are checked every 10 seconds.